 Dungeon Crawl Stone Soup version 0.29-a0-834-g1e95ca9f62 (webtiles) character file.

Game seed: 5205176350369865263

425 buhh the Trooper (level 6, 0/66 HPs)
             Began as an Ogre Transmuter on July 12, 2022.
             Succumbed to a scorpion's poison
             ... on level 5 of the Dungeon.
             The game lasted 00:04:45 (3892 turns).

buhh the Trooper (Ogre Transmuter)                  Turns: 3892, Time: 00:04:46

Health: 0/66       AC:  3    Str: 15    XL:     6   Next: 96%
Magic:  8/12       EV: 10    Int: 16    God:
Gold:   134        SH:  0    Dex: 15    Spells: 7/13 levels left

rFire   . . .      SeeInvis .     - Unarmed
rCold   . . .      Faith    .   (no shield)
rNeg    . . .      Spirit   .   c - +0 robe
rPois   .          Reflect  .   (helmet restricted)
rElec   .          Harm     .   (no cloak)
rCorr   .          Rampage  .   (gloves unavailable)
Will    .....                   (boots unavailable)
Stlth   +.........              (no amulet)
HPRegen 0.21/turn               g - +6 ring of dexterity
MPRegen 0.13/turn               (no ring)

@: confused, lethally poisoned (0 -> -12)
A: large, unfitting armour, tough skin 1
a: no special abilities


You were on level 5 of the Dungeon.
You visited 1 branch of the dungeon, and saw 5 of its levels.

You collected 134 gold pieces.

Inventory:

Armour
 c - a +0 robe (worn)
Jewellery
 g - a +6 ring of dexterity (left hand)
Scrolls
 d - a scroll of magic mapping {!d}
 i - 2 scrolls of noise
 j - a scroll of enchant weapon
Potions
 a - a potion of brilliance {unknown}
 e - 2 potions of attraction
 h - 2 potions of resistance {unknown}


   Skills:
 * Level 5.2 Fighting
 - Level 2.0 Dodging
 * Level 4.4 Unarmed Combat
 - Level 4.0 Spellcasting
 + Level 3.0 Transmutations


You had 7 spell levels left.
You knew the following spells:

 Your Spells              Type           Power      Damage    Failure   Level
a - Beastly Appendage     Tmut           24%        N/A       4%          1
b - Wereblood             Tmut           12%        N/A       8%          2
c - Spider Form           Tmut/Pois      8%         N/A       26%         3

Your spell library contained the following spells:

 Spells                   Type           Power      Damage    Failure   Level
 Poisonous Vapours        Pois/Air       6%         N/A       26%         2
 Ozocubu's Armour         Ice            3%         N/A       45%         3
 Ice Form                 Ice/Tmut       8%         N/A       65%         4
 Corpse Rot               Necr/Pois/Air  3%         N/A       86%         4
 Metabolic Englaciation   Hex/Ice        1%         N/A       99%         5
 Simulacrum               Ice/Necr       1%         N/A       100%        6


Dungeon Overview and Level Annotations

Branches:
Dungeon (5/15) Zot: 26121
 Temple: D:4-7

Altars:
Ru
Vehumet

Annotations:
D:4 Edmund


Innate Abilities, Weirdness & Mutations

You are too large for most types of armour.
You have tough skin. (AC +1)


Message History

Really abort (and waste the scroll)? [Y]es or [N]o only, please.
Really abort (and waste the scroll)? [Y]es or [N]o only, please.
Really abort (and waste the scroll)? [Y]es or [N]o only, please.
Really abort (and waste the scroll)?
Okay, then.
The orc wizard hits you with a +1 dagger of protection.
* * * LOW HITPOINT WARNING * * *
A gnoll comes into view. It is wielding a +0 whip.
The gnoll barely misses you. Something hits you.
* * * LOW HITPOINT WARNING * * *
You feel better. The gnoll closely misses you.
You hear some strange, mumbled words.
A puff of flame appears from out of thin air!
The puff of flame hits you!
* * * LOW HITPOINT WARNING * * *
The orc wizard hits you but does no damage.
You feel better. The scorpion stings you.
* * * LOW HITPOINT WARNING * * *
The gnoll barely misses you. Something hits you.
* * * LOW HITPOINT WARNING * * *
The orc wizard gestures at you while chanting.
The puff of flame misses you. The scorpion closely misses you.
You hit the orc wizard.
The orc wizard is severely wounded.
Your transformation has ended.
Your +0 robe unmelds from your body.
The gnoll hits you from afar with a +0 spear.
* * * LOW HITPOINT WARNING * * *
The orc wizard barely misses you. The scorpion stings you.
* * * LOW HITPOINT WARNING * * *
You are lethally poisoned!
The scorpion poisons you!
You hear some strange, mumbled words.
You are confused.
You hit the orc wizard but do no damage.
The orc wizard is severely wounded.
You die...

. .. ... ....
##### ....)
#...##g.....
#..@{lgg....
#...sog......
#............
##.......$...
#####....#..
...?...
.##.... ..
....


You could see a scorpion, an iguana, an orc wizard (poisoned) and 4 gnolls.

Vanquished Creatures
  Sigmund (D:2)
  A scorpion (D:5)
  An orc priest (D:3)
  An orc wizard (D:3)
  8 adders
  A gnoll (D:5)
  3 dart slugs
  5 orcs
  5 ball pythons
  3 endoplasms
  5 giant cockroaches
  3 goblins
  6 hobgoblins
  6 jackals (D:1)
  4 quokkas
  6 bats
  2 frilled lizards (D:3)
  10 kobolds
  A rat (D:3)
72 creatures vanquished.

Notes
Turn   | Place    | Note
-------+----------+-------------------------------------------
     0 | D:1      | buhh the Ogre Transmuter began the quest for the Orb.
     0 | D:1      | Reached XP level 1. HP: 19/19 MP: 3/3
   551 | D:1      | Reached XP level 2. HP: 27/28 MP: 3/5
   642 | D:1      | Reached skill level 2 in Fighting
   820 | D:1      | Reached XP level 3. HP: 35/35 MP: 5/7
  1220 | D:2      | Noticed Sigmund
  1220 | D:2      | Found a faded altar of an unknown god.
  1225 | D:2      | Killed Sigmund
  1226 | D:2      | Reached skill level 3 in Fighting
  1226 | D:2      | Reached XP level 4. HP: 48/48 MP: 9/9
  1226 | D:2      | Reached XP level 5. HP: 54/54 MP: 10/10
  1753 | D:2      | Reached skill level 4 in Fighting
  1954 | D:2      | Reached XP level 6. HP: 59/62 MP: 11/11
  2207 | D:3      | Found a radiant altar of Vehumet.
  2303 | D:3      | Found a sacrificial altar of Ru.
  2909 | D:2      | Learned a level 2 spell: Wereblood
  2913 | D:2      | Learned a level 3 spell: Spider Form
  3855 | D:4      | Noticed a sky beast
  3856 | D:4      | Noticed Edmund
  3869 | D:5      | Entered Level 5 of the Dungeon
  3879 | D:5      | Reached skill level 5 in Fighting
  3891 | D:5      | HP: 3/66 [scorpion (6)]
  3892 | D:5      | Succumbed to a scorpion's poison

Illustrated notes

Levels and vault maps discovered:
D:1:      dpeg_arrival_oval, layout_rooms, serial_aquarium,
          aquarium_bridge_square [aquarium_subvault_wall,
          aquarium_subvault_balcony, aquarium_subvault_bridge,
          aquarium_subvault_wall], aquarium_bridge_square
          [aquarium_subvault_wall, aquarium_subvault_window,
          aquarium_subvault_bridge, aquarium_subvault_bridge],
          aquarium_window_2, aquarium_window_2, aquarium_window_corridor_1,
          aquarium_view_2a, aquarium_balcony_1b, aquarium_pool_2
D:2:      minmay_skewed_foursquare, layout_rooms,
          ebering_ecumenical_altar_sacrificial, grunt_decor_junction,
          uniq_sigmund
D:3:      layout_basic, nicolae_vehumet_radiance, overflow_temple_1_default
D:4:      layout_basic, nzn_hepliaklqana_mist_gate, uniq_edmund
D:5:      old_forge, layout_cave_pools, nicolae_gozag_seed_capital,
          mainiacjoe_overflow_catwalk_spiral, minmay_temple_entry_hall,
          nicolae_shop_overcharged_wands

Skill      XL: |  1  2  3  4  5  6 |
---------------+-------------------+-----
Transmutations | 2 3 |  3.0
Dodging        | 2 |  2.0
Fighting       | 2 3 4 5 |  5.2
Unarmed Combat | 3 4 |  4.4
Spellcasting   | 3 4 |  4.0

Action                   |  1- 3 |  4- 6 || total
-------------------------+-------+-------++-------
Melee: Unarmed           |    57 |   136 ||   193
       Headbutt          |     7 |    15 ||    22
       Kick              |     6 |    24 ||    30
       Punch             |     1 |       ||     1
 Cast: Beastly Appendage |    10 |    28 ||    38
       Spider Form       |       |     5 ||     5
  Use: Potion            |     1 |     5 ||     6
       Scroll            |       |     9 ||     9
 Stab: Sleeping          |       |     2 ||     2
Armor: Robe              |    25 |    23 ||    48
       Skin              |       |    12 ||    12
Dodge: Dodged            |    37 |    90 ||   127

Table legend: (Time is in decaauts)
 A = Elapsed time spent in this place.
 B = Non-inter-level travel time spent in this place.
 C = Inter-level travel time spent in this place.
 D = Time resting spent in this place.
 E = Time spent auto-exploring this place.
 F = Levels seen in this place.
 G = Mean time per level.
                   A        B        C        D        E       F      G
               +--------+--------+--------+--------+--------+-----+--------+
         Total |   3878 |   3801 |     77 |    992 |   2174 |   5 |  775.6 |
       Dungeon |   3878 |   3801 |     77 |    992 |   2174 |   5 |  775.6 |
               +--------+--------+--------+--------+--------+-----+--------+

Top non-repeatable levels by time:
     D:2: 1234 daAuts
     D:1: 1217 daAuts
     D:3: 1068 daAuts
     D:4: 337 daAuts
     D:5: 21 daAuts
